 Dungeon Crawl Stone Soup version 0.18.1-50-g88ac8fd (webtiles) character file.

588 Korbac the Skirmisher (level 7, -5/56 HPs)
             Began as a Demonspawn Berserker on Oct 16, 2016.
             Was an Elder of Trog.
             Slain by an orc priest
             ... wielding a +0 dagger
              (6 damage)
             ... on level 5 of the Dungeon.
             The game lasted 00:20:23 (3203 turns).

Korbac the Skirmisher (Demonspawn Berserker)        Turns: 3203, Time: 00:20:26

Health: -5/56      AC:  8    Str: 18    XL:     7   Next: 15%
Magic:  7/7        EV: 13    Int:  8    God:    Trog [****..]
Gold:   237        SH:  0    Dex: 14    Spells: 0 memorised, 6 levels left

rFire  . . .     SeeInvis .     g - +3 dagger (vamp)
rCold  + . .     Gourm    .     z - +0 leather armour
rNeg   . . .     Faith    .     (no shield)
rPois  .         Spirit   .     B - +2 helmet
rElec  .         Dismiss  .     k - +0 cloak {MR+}
rCorr  .         Reflect  .     (no gloves)
SustAt .         Harm     .     (no boots)
MR     +....                    (no amulet)
Stlth  +.........               (no ring)
                                (no ring)

@: somewhat resistant to hostile enchantments, very unstealthy
A: talons 1, molten scales 1, cold resistance 1, powered by pain 1
a: Berserk, Trog's Hand, Brothers in Arms, Burn Spellbooks, Renounce Religion


You were on level 5 of the Dungeon.
You worshipped Trog.
Trog was greatly pleased with you.
You were very full.

You visited 1 branch of the dungeon, and saw 5 of its levels.

You collected 237 gold pieces.

Inventory:

Hand Weapons
 a - a +0 falchion
 g - a +3 vampiric dagger (weapon)
 m - a +0 hunting sling
 v - a +1 dagger of freezing (quivered)
Missiles
 D - 7 needles of confusion
Armour
 b - a +0 helmet of see invisible
 k - a +0 cloak of magic resistance (worn)
 z - a +0 leather armour (worn)
 B - a +2 helmet (worn)
Jewellery
 l - an uncursed ring of see invisible
Wands
 f - a wand of disintegration (7/24)
 A - a wand of teleportation (5/9)
Scrolls
 e - 2 scrolls of teleportation {unknown}
 h - 2 scrolls of noise {unknown}
 i - a scroll of fear {unknown}
 j - 5 scrolls of remove curse
 r - 5 scrolls of identify
 t - 3 scrolls of random uselessness {unknown}
 y - a scroll of amnesia {unknown}
Potions
 o - a potion of brilliance
 p - a potion of cure mutation {unknown}
 s - a potion of flight
 u - a potion of mutation {unknown}
 x - a potion of might {unknown}
Comestibles
 c - 3 bread rations
 d - a beef jerky
 w - 2 meat rations
 C - a royal jelly


   Skills:
 * Level 5.1 Fighting
 * Level 3.1(3.7) Short Blades
 - Level 3.1(3.8) Long Blades
 + Level 3.3 Armour
 + Level 3.5 Dodging
 * Level 0.8 Unarmed Combat


You had 6 spell levels left.
You didn't know any spells.

Dungeon Overview and Level Annotations

Branches:
Dungeon (5/15)
 Temple: D:4-7

Altars:
Xom


Innate Abilities, Weirdness & Mutations

You have sharp toenails.
You are partially covered in molten scales (AC +1).
Your flesh is cold resistant.
You sometimes gain a little power by taking damage.


Message History

The orc is almost dead.
The orc hits you but does no damage.
You barely miss the orc. Your kick misses the orc.
The orc is almost dead.
The orc hits you with a short sword.
* * * LOW HITPOINT WARNING * * *
Unknown command.
You hit the orc.
You feel better.
You kill the orc!
Trog accepts your kill.
The orc priest looks braver for a moment.
The orc priest closely misses you.
You see here a short sword.
You hit the orc priest but do no damage.
Your kick misses the orc priest.
The orc priest calls down the wrath of Beogh upon you.
Beogh smites you!
* * * LOW HITPOINT WARNING * * *
The orc priest hits you with a dagger.
You die...

### ..# #.# #..#
#o# #..# #o# #..#
###########@# #..#
#...........#
#..###.###.#######
#......# #.#
#.#....###.#
#)..#......##
)).###<#....####
##..#..........#
............##.#


You could see 2 orc priests.

Vanquished Creatures
  A phantom (D:4)
  4 hounds
  3 orc wizards
  2 worker ants
  A hound skeleton (D:3)
  Robin (D:4)
  2 gnolls (D:4)
  4 adders
  An adder skeleton (D:4)
  A worm (D:2)
  4 dart slugs
  24 orcs
  2 giant cockroaches
  24 goblins
  17 hobgoblins
  7 jackals
  3 quokkas
  A ball python (D:4)
  5 bats (D:1)
  4 giant newts
  A jackal skeleton (D:4)
  20 kobolds
  A quokka skeleton (D:4)
  6 rats
139 creatures vanquished.

Notes
Turn   | Place    | Note
--------------------------------------------------------------
     0 | D:1      | Korbac the Demonspawn Berserker began the quest for the Orb.
     0 | D:1      | Reached XP level 1. HP: 18/18 MP: 1/1
   126 | D:1      | Gained mutation: You sometimes gain a little power by taking damage. [demonic ancestry]
   126 | D:1      | Reached XP level 2. HP: 19/24 MP: 2/2
   375 | D:1      | Reached ** piety under Trog
   388 | D:1      | Gained mutation: You are partially covered in molten scales (AC +1). [demonic ancestry]
   388 | D:1      | Reached XP level 3. HP: 27/29 MP: 3/3
   980 | D:2      | Reached XP level 4. HP: 27/37 MP: 4/4
  1145 | D:3      | Reached skill level 1 in Short Blades
  1440 | D:3      | Reached *** piety under Trog
  1461 | D:3      | Reached skill level 4 in Fighting
  1603 | D:3      | Gained mutation: Your flesh is cold resistant. [demonic ancestry]
  1603 | D:3      | Reached XP level 5. HP: 10/42 MP: 5/5
  1963 | D:4      | Noticed a phantom
  2058 | D:4      | Killed a phantom
  2058 | D:4      | Gained mutation: You have sharp toenails. [demonic ancestry]
  2058 | D:4      | Reached XP level 6. HP: 36/49 MP: 6/6
  2446 | D:4      | Reached **** piety under Trog
  2759 | D:4      | Noticed Robin
  2777 | D:4      | Killed Robin
  2905 | D:4      | Found a shimmering altar of Xom.
  2922 | D:4      | Reached skill level 5 in Fighting
  2984 | D:5      | Entered Level 5 of the Dungeon
  3038 | D:5      | Reached XP level 7. HP: 32/56 MP: 7/7
  3090 | D:5      | HP: 2/56 [poisoned by an orc wizard]
  3098 | D:5      | HP: 3/84 [poisoned by an orc wizard]
  3203 | D:5      | HP: 1/56 [orc priest/divine providence (16)]
  3203 | D:5      | Slain by an orc priest

Skill      XL: |  1  2  3  4  5  6 |
---------------+-------------------+-----
Long Blades    | 3 |  3.1
Armour         | 2 3 |  3.3
Dodging        | 2 3 |  3.5
Short Blades   | 1 2 3 |  3.1
Fighting       | 4 5 |  5.1
Unarmed Combat | |  0.8

Action                   |  1- 3 |  4- 6 |  7- 9 || total
-------------------------+-------+-------+-------++-------
Melee: Falchion          |    35 |       |       ||    35
       Dagger            |   122 |   431 |    33 ||   586
       Kick              |       |    55 |    13 ||    68
  Use: Scroll            |     3 |     4 |       ||     7
       Potion            |       |     4 |     4 ||     8
  Eat: Bread ration      |     2 |     3 |       ||     5
Armor: Scale mail        |    75 |    99 |       ||   174
       Animal skin       |     3 |       |       ||     3
       Leather armour    |       |    32 |     6 ||    38
Dodge: Dodged            |    98 |   218 |    13 ||   329
